 Dungeon Crawl Stone Soup version 0.28-a0-533-g9f97627e2a (webtiles) character file.

Game seed: 15448352741051193181

160 Malachi the Slasher (level 5, -1/42 HPs)
             Began as a Demonspawn Berserker on Sept 26, 2021.
             Was a Believer of Trog.
             Slain by Jessica (3 damage)
             ... on level 3 of the Dungeon.
             The game lasted 00:02:31 (2611 turns).

Malachi the Slasher (Demonspawn Berserker)          Turns: 2611, Time: 00:02:31

Health: -1/42      AC:  9    Str: 18    XL:     5   Next: 17%
Magic:  5/5        EV:  7    Int:  9    God:    Trog [**....]
Gold:   92         SH:  0    Dex: 12    Spells: 4/4 levels left

rFire   . . .      SeeInvis .   a - +0 falchion
rCold   . . .      Faith    .   (no shield)
rNeg    . . .      Spirit   .   g - +0 chain mail
rPois   .          Reflect  .   (helmet restricted)
rElec   .          Harm     .   (no cloak)
rCorr   .          Rampage  .   (no gloves)
Will    .....                   (no boots)
Stlth   ..........              (no amulet)
HPRegen 0.14/turn               (no ring)
MPRegen 0.09/turn               (no ring)

@: no status effects
A: antennae 2, sharp scales 1, demonic magic 1
a: Renounce Religion, Berserk, Trog's Hand


You were on level 3 of the Dungeon.
You worshipped Trog.
Trog was pleased with you.
You visited 1 branch of the dungeon, and saw 3 of its levels.

You collected 92 gold pieces.

Inventory:

Hand Weapons
 a - a +0 falchion (weapon)
Armour
 g - a +0 chain mail (worn)
Jewellery
 h - a ring of positive energy
Scrolls
 b - a scroll of noise {unknown}
 d - 3 scrolls of teleportation {unknown}
 e - a scroll of identify {unknown}
 i - 3 scrolls of fear {unknown}
 j - a scroll of vulnerability {unknown}
Potions
 c - a potion of curing {unknown}
 f - a potion of resistance {unknown}


   Skills:
 + Level 3.9 Fighting
 + Level 4.2 Long Blades
 + Level 2.4 Armour
 + Level 2.2 Dodging
 + Level 0.3 Stealth


You had 4 spell levels left.
You didn't know any spells.
Your spell library was empty.

Dungeon Overview and Level Annotations

Branches:
Dungeon (3/15)

Altars:

Annotations:
D:3 Jessica


Innate Abilities, Weirdness & Mutations

You have a pair of antennae on your head.
You are partially covered in razor-sharp scales. (AC +1, Slay +1)
Spells you cast may paralyse adjacent enemies.


Message History

You closely miss the hobgoblin. The goblin barely misses you.
The hobgoblin completely misses you. The hobgoblin hits you.
* * * LOW HITPOINT WARNING * * *
The hobgoblin hits you but does no damage.
The bat hits you but does no damage. The goblin hits you but does no damage.
The hobgoblin hits you but does no damage.
Unknown command.
You hit the hobgoblin.
The hobgoblin is heavily wounded.
The bat hits you but does no damage. The bat hits you.
* * * LOW HITPOINT WARNING * * *
The hobgoblin barely misses you. The hobgoblin hits you.
* * * LOW HITPOINT WARNING * * *
The goblin hits you but does no damage. The hobgoblin closely misses you.
The hobgoblin hits you.
* * * LOW HITPOINT WARNING * * *
You slash the hobgoblin!
You kill the hobgoblin!
Trog accepts your kill. The bat barely misses you.
Jessica mumbles some strange words.
Jessica blinks!
The goblin hits you but does no damage. The hobgoblin closely misses you.
The hobgoblin hits you.
* * * LOW HITPOINT WARNING * * *
The bat closely misses you. The bat hits you but does no damage.
The goblin hits you but does no damage. The hobgoblin hits you.
* * * LOW HITPOINT WARNING * * *
The hobgoblin hits you but does no damage.
Things that are here:
25 stones; a hobgoblin corpse Unknown command.
The bat hits you but does no damage. x2; The hobgoblin closely misses you.
The bat hits you but does no damage. Jessica hits you but does no damage. x2
The bat hits you but does no damage. Jessica casts a spell at you.
You barely resist. The hobgoblin completely misses you.
You hit Jessica.
Jessica is heavily wounded.
The bat hits you but does no damage. Jessica hits you with a +0 dagger.
You die...

##$## #...# #...# #...#
#...# #...#
####+###...# #...#
...........####...#####
...........##)........#
...........).)(.gb....#
#.###+#....##.g@......#
#...#.#....##..g@.....#
...........##.........#
..#<#...#+###.........#
#.#...# #####.#####
#.#)#.# .# #...#... .#
....#.#...# .#
#.#####...# .# # ...>.


You could see Jessica (fast), 2 hobgoblins, a goblin and a bat.

Vanquished Creatures
  A phantom (D:3)
  Robin (D:3)
  An adder (D:2)
  2 worms (D:2)
  8 ball pythons
  5 bats
  5 endoplasms
  4 giant cockroaches
  9 goblins
  6 hobgoblins
  4 quokkas
  A kobold (D:1)
  A rat (D:1)
48 creatures vanquished.

Notes
Turn   | Place    | Note
-------+----------+-------------------------------------------
     0 | D:1      | Malachi the Demonspawn Berserker began the quest for the
                  | Orb.
     0 | D:1      | Reached XP level 1. HP: 18/18 MP: 1/1
   302 | D:1      | Gained mutation: You have a pair of small antennae on your
                  | head. [demonic ancestry]
   302 | D:1      | Reached XP level 2. HP: 24/24 MP: 2/2
   390 | D:1      | Reached skill level 3 in Long Blades
  1012 | D:1      | Reached ** piety under Trog
  1013 | D:1      | Gained mutation: You are partially covered in razor-sharp
                  | scales. (AC +1, Slay +1) [demonic ancestry]
  1013 | D:1      | Reached XP level 3. HP: 29/29 MP: 3/3
  2168 | D:2      | Found a faded altar of an unknown god.
  2388 | D:3      | Noticed a phantom
  2406 | D:3      | Killed a phantom
  2407 | D:3      | Reached skill level 4 in Long Blades
  2407 | D:3      | Gained mutation: You have a pair of antennae on your head.
                  | [demonic ancestry]
  2407 | D:3      | Reached XP level 4. HP: 22/37 MP: 4/4
  2407 | D:3      | Gained mutation: Spells you cast may paralyse adjacent
                  | enemies. [demonic ancestry]
  2407 | D:3      | Reached XP level 5. HP: 25/42 MP: 5/5
  2582 | D:3      | Noticed Robin
  2584 | D:3      | Noticed Jessica
  2590 | D:3      | Killed Robin
  2607 | D:3      | HP: 2/42 [hobgoblin[Robin] (1)]
  2611 | D:3      | Slain by Jessica

Illustrated notes

Levels and vault maps discovered:
D:1:      dpeg_arrival_central, layout_basic
D:2:      layout_loops_ring, shapermc_ecumenical_altar_venn
D:3:      layout_basic, serial_shops, shop_scrolls, kennysheep_small_spiral,
          uniq_jessica, uniq_ijyb, uniq_robin

Skill      XL: |  1  2  3 |
---------------+----------+-----
Long Blades    | 3 4 |  4.2
Dodging        | 2 |  2.2
Armour         | 2 |  2.4
Fighting       | |  3.9
Stealth        | |  0.3

Action                   |  1- 3 |  4- 6 || total
-------------------------+-------+-------++-------
Melee: Falchion          |   104 |    24 ||   128
Invok: Berserk           |     1 |       ||     1
 Stab: Sleeping          |     1 |       ||     1
Armor: Animal skin       |     7 |       ||     7
       Chain mail        |    25 |    49 ||    74
Dodge: Dodged            |    53 |    27 ||    80

Table legend: (Time is in decaauts)
 A = Elapsed time spent in this place.
 B = Non-inter-level travel time spent in this place.
 C = Inter-level travel time spent in this place.
 D = Time resting spent in this place.
 E = Time spent auto-exploring this place.
 F = Levels seen in this place.
 G = Mean time per level.
                   A        B        C        D        E       F      G
               +--------+--------+--------+--------+--------+-----+--------+
         Total |   2632 |   2527 |    105 |    582 |   1605 |   3 |  877.3 |
       Dungeon |   2632 |   2527 |    105 |    582 |   1605 |   3 |  877.3 |
               +--------+--------+--------+--------+--------+-----+--------+

Top non-repeatable levels by time:
     D:1: 1548 daAuts
     D:2: 851 daAuts
     D:3: 231 daAuts
